 Dungeon Crawl Stone Soup version 0.32-a0-732-ga344392067 (webtiles) character file.

Game seed: 10280456643455805755

9067 tilp the Covert (level 11, -16/83 HPs)
             Began as a Vampire Enchanter on Mar 16, 2024.
             Was a Believer of Wu Jian.
             Demolished by a skeletal warrior
             ... wielding a +0 trident
              (23 damage)
             ... on level 11 of the Dungeon.
             The game lasted 00:21:12 (11030 turns).

tilp the Covert (Vampire Enchanter)                Turns: 11030, Time: 00:21:13

Health: -16/83     AC: 13    Str:  7    XL:     11   Next: 18%
Magic:  12/18      EV: 16    Int: 27    God:    Wu Jian [**....]
Gold:   777        SH: 16    Dex: 16    Spells: 9/20 levels left

rFire   + . .        a - +2 dagger (drain)
rCold   . . .        y - +2 kite shield "Bile" {Fly Int+6}
rNeg    . . .        J - +0 steam dragon scales
rPois   .            n - +1 helmet
rElec   .            s - +0 cloak
rCorr   .            C - +0 pair of gloves
SInv    +            D - +2 pair of boots
Will    .....        B - amulet of reflection
Stlth   ++++         u - +5 ring of evasion
HPRegen 0.53/turn    L - ring of protection from fire
MPRegen 0.16/turn

%: reflection
@: weak-willed, flying, healing quickly
A: alive, fangs 3, see invisible, vampiric 2
a: Exsanguinate, Renounce Religion, Wall Jump


You were on level 11 of the Dungeon.
You worshipped Wu Jian.
Wu Jian was pleased with you.
You visited 2 branches of the dungeon, and saw 12 of its levels.
You also visited: Sewer.

You collected 917 gold pieces.
You spent 140 gold pieces at shops.

Inventory:

Hand Weapons
 a - a +2 dagger of draining (weapon)
 b - a +4 long sword
 p - a +2 dagger
 G - a +0 scimitar
 K - a -3 dagger of freezing
Missiles
 l - 11 boomerangs
 r - 3 javelins
 t - 32 poisoned darts (quivered)
 I - a curare-tipped dart
 N - a throwing net
Armour
 n - a +1 helmet (worn)
 s - a +0 cloak (worn)
 y - the +2 kite shield "Bile" (worn) {Fly Int+6}
   (You found it on level 5 of the Dungeon)

   Int+6:     It affects your intelligence (+6).
   Fly:       It grants you flight.
 C - a +0 pair of gloves (worn)
 D - a +2 pair of boots (worn)
 J - +0 steam dragon scales (worn)
 O - a +2 scale mail of fire resistance
 P - a +2 scale mail of willpower
Jewellery
 g - an amulet of guardian spirit
 u - a +5 ring of evasion (left hand)
 B - an amulet of reflection (around neck)
 L - a ring of protection from fire (right hand)
Wands
 o - a wand of flame (26)
 E - a wand of polymorph (10)
Scrolls
 f - 4 scrolls of teleportation
 v - 3 scrolls of fear
 w - a scroll of poison
 H - a scroll of blinking
 M - a scroll of fog
Potions
 c - 3 potions of invisibility
 d - 2 potions of attraction
 e - 3 potions of haste
 h - 3 potions of enlightenment
 i - 8 potions of curing
 j - 3 potions of berserk rage
 k - a potion of might {unknown}
 m - 3 potions of ambrosia
 q - 2 potions of heal wounds
 x - 2 potions of magic
 z - 2 potions of mutation
 A - a potion of cancellation {unknown}


   Skills:
 * Level 6.6 Fighting
 - Level 5.0(7.1) Short Blades
 * Level 7.2(7.8) Long Blades
 + Level 4.0 Armour
 - Level 6.0 Dodging
 + Level 9.4 Stealth
 - Level 4.0 Shields
 + Level 5.2 Spellcasting
 + Level 8.8 Hexes
 - Level 4.0 Evocations


You had 9 spell levels left.
You knew the following spells:

 Your Spells              Type           Power      Damage    Failure   Level
a - Ensorcelled Hibernat  Hex/Ice        60%        N/A       11%         2
b - Confusing Touch       Hex            53%        N/A       3%          3
c - Tukima's Dance        Hex            53%        N/A       3%          3
d - Dazzling Flash        Conj/Hex       60%        N/A       22%         3

Your spell library contained the following spells:

 Spells                   Type           Power      Damage    Failure   Level
 Shock                    Conj/Air       28%        1d4       41%         1
 Summon Small Mammal      Summ           28%        N/A       41%         1
 Anguish                  Hex/Necr       15%        N/A       56%         4
 Call Canine Familiar     Summ           7%         N/A       78%         3
 Fugue of the Fallen      Necr           7%         N/A       78%         3
 Swiftness                Air            7%         N/A       78%         3
 Airstrike                Air            3%         2d(1-17)  99%         4
 Summon Blazeheart Golem  Fire/Summ      7%         N/A       99%         4


Dungeon Overview and Level Annotations

Branches:
Dungeon (11/15)            Temple (1/1) D:6            Lair (0/5) D:8
    Orc (0/2) D:11          Sewer (visited)

Altars:
Ashenzari
Cheibriados
Dithmenos
Fedhas
Gozag
Hepliaklqana
Kikubaaqudgha
Makhleb
Nemelex Xobeh
Okawaru
Qazlal
Ru
Sif Muna
Trog
Uskayaw
Vehumet
Wu Jian
Xom
Yredelemnul
Beogh

Shops:
D:1 (   D:4 (   D:8 !   D:9 *   D:11 [

Annotations:
D:6 2 transporters, JaaP's ghost, novice MDMo


Innate Abilities, Weirdness & Mutations

Your natural rate of healing is accelerated.
You have razor-sharp teeth.
You have supernaturally acute eyesight. (SInv)
You are afflicted with vampirism and can become a bat while bloodless.


Message History

The skeletal warrior is lightly damaged.
You block the skeletal warrior's attack.
The Council accepts your kill.
You feel a bit more experienced.
You hit the skeletal warrior but do no damage.
The skeletal warrior is lightly damaged.
The skeletal warrior misses you.
You hit the skeletal warrior but do no damage.
The skeletal warrior appears confused.
The skeletal warrior is lightly damaged.
You block the skeletal warrior's attack.
You hit the skeletal warrior but do no damage.
The skeletal warrior is lightly damaged.
You block the skeletal warrior's attack.
You hit the skeletal warrior but do no damage.
The skeletal warrior is lightly damaged.
You block the skeletal warrior's attack.
You hit the skeletal warrior.
The skeletal warrior is lightly damaged.
The skeletal warrior hits you with a +0 trident!!
* * * LOW HITPOINT WARNING * * *
You hit the skeletal warrior but do no damage.
The skeletal warrior is lightly damaged.
The skeletal warrior completely misses you.
You hit the skeletal warrior but do no damage.
The skeletal warrior is lightly damaged.
You hit the skeletal warrior but do no damage.
The skeletal warrior is lightly damaged.
The skeletal warrior hits you with a +0 trident!
* * * LOW HITPOINT WARNING * * *
You hit the skeletal warrior but do no damage.
The skeletal warrior is lightly damaged.
You block the skeletal warrior's attack.
You strike the helpless skeletal warrior from behind!
You impale the skeletal warrior!!
You bite the skeletal warrior, but do no damage.
The skeletal warrior is heavily damaged.
The troll zombie seems less confused.
The skeletal warrior hits you with a +0 trident!!
You die...

>..........#
........#
##.....##.# .Z...Z.#
#.....##.# .ß..ZZ#
#........####...#
#...............#
#<..............#
#.......Z.......#
############'#######
#........@zZ..#
#..##....####.#
#..##....# #.#
#..##....# #.#
#........####.#
#.............#
##.......######
#..#....# #..#....#


You could see a skeletal warrior (confused, weak-willed) and a troll zombie.

Vanquished Creatures
  A two-headed ogre (D:8)
  An ugly thing (D:10)
  2 unseen horrors (D:11)
  4 trolls
  5 yaks (D:10)
  3 wraiths
  A wyvern (D:9)
  2 wargs
  3 steam dragons
  Duvessa (D:5)
  An acid dragon (D:10)
  2 water moccasins
  A black bear (D:5)
  2 sky beasts
  5 orc warriors
  2 wolves (D:8)
  An ogre (D:6)
  3 centaurs
  A phantom (D:11)
  Blork the orc (D:5)
  2 brain worms (Sewer)
  2 bullfrogs
  2 kobold brigands (D:7)
  A scorpion (D:5)
  6 wights
  Dowan (D:5)
  3 killer bees (D:9)
  A troll zombie (D:11)
  4 bombardier beetles
  5 howler monkeys (D:8)
  3 hounds (D:5)
  A jelly (D:6)
  4 orc priests
  Crazy Yiuf (D:3)
  2 gnoll boudas
  2 iguanas (D:5)
  8 orc wizards
  Robin (D:3)
  5 gnolls
  10 adders
  2 shadow imps
  3 white imps
  4 ufetubi
  2 dart slugs (D:1)
  A ribbon worm (D:4)
  53 orcs
  6 bats
  6 endoplasms
  8 giant cockroaches
  A gnoll zombie (D:11)
  11 goblins
  7 hobgoblins
  6 jackals (D:4)
  8 quokkas
  6 ball pythons
  5 frilled lizards
  3 gnoll skeletons (D:11)
  14 kobolds
  2 orc zombies (D:11)
  6 rats
260 creatures vanquished.

Vanquished Creatures (collateral kills)
  A warg (D:8)
  10 wights
  2 orc wizards (D:8)
  An orc (D:8)
  A kobold (D:7)
15 creatures vanquished.

Vanquished Creatures (others)
  A dancing weapon (D:8)
  A howler monkey (D:8)
2 creatures vanquished.

Grand Total: 277 creatures vanquished

Notes
Turn   | Place    | Note
-------+----------+-------------------------------------------
     0 | D:1      | tilp the Vampire Enchanter began the quest for the Orb.
     0 | D:1      | Reached XP level 1. HP: 13/13 MP: 3/3
    72 | D:1      | Found a faded altar of an unknown god.
   191 | D:1      | Reached XP level 2. HP: 10/20 MP: 5/5
   203 | D:1      | Learned a level 2 spell: Ensorcelled Hibernation
   502 | D:1      | Reached skill level 1 in Long Blades
   555 | D:1      | Found Heit's Weapon Emporium.
   853 | D:2      | Gained mutation: You are afflicted with vampirism and can
                  | become a bat while bloodless. [Vampire growth]
   853 | D:2      | Reached XP level 3. HP: 19/25 MP: 1/6
  1189 | D:2      | Identified the +10 whip of the Stopping Spider {flame, rF+
                  | Str+5}
  1425 | D:2      | Reached skill level 1 in Fighting
  1744 | D:3      | Found a hazy altar of Hepliaklqana.
  1757 | D:3      | Reached XP level 4. HP: 25/32 MP: 2/7
  1898 | D:3      | Found a runed translucent door.
  1899 | D:3      | Noticed Crazy Yiuf
  2066 | D:3      | Learned a level 3 spell: Confusing Touch
  2169 | D:3      | Noticed Robin
  2190 | D:3      | Killed Robin
  2191 | D:3      | Reached skill level 5 in Stealth
  2373 | D:3      | Reached XP level 5. HP: 38/38 MP: 8/8
  2403 | D:3      | Learned a level 3 spell: Tukima's Dance
  2629 | D:3      | Found a sparkling altar of Nemelex Xobeh.
  2931 | D:3      | Killed Crazy Yiuf
  2932 | D:3      | Reached skill level 5 in Hexes
  3076 | D:4      | Found Tuept's Weapon Boutique.
  3229 | D:4      | Noticed a sky beast
  3238 | D:4      | Killed a sky beast
  3239 | D:4      | Reached XP level 6. HP: 44/44 MP: 1/10
  3320 | D:4      | Found a glowing drain.
  3358 | Sewer    | Entered a sewer
  3990 | D:4      | Reached XP level 7. HP: 51/51 MP: 5/11
  4001 | D:4      | Reached skill level 1 in Evocations
  4079 | D:4      | Learned a level 3 spell: Dazzling Flash
  4145 | D:4      | Reached skill level 1 in Armour
  4538 | D:5      | Entered Level 5 of the Dungeon
  4790 | D:5      | Reached skill level 6 in Stealth
  5026 | D:5      | Noticed Duvessa
  5028 | D:5      | Noticed Dowan
  5030 | D:5      | Noticed Blork the orc
  5036 | D:5      | Killed Duvessa
  5037 | D:5      | Reached XP level 8. HP: 53/58 MP: 6/12
  5041 | D:5      | Killed Blork the orc
  5158 | D:5      | Killed Dowan
  5299 | D:5      | Identified the +2 kite shield "Bile" {Fly Int+6}
  5650 | D:6      | Found a staircase to the Ecumenical Temple.
  5701 | Temple   | Entered the Ecumenical Temple
  5805 | D:6      | Reached skill level 1 in Shields
  5966 | D:6      | Found a transporter.
  5977 | D:6      | Found a transporter.
  5980 | D:6      | Noticed JaaP's ghost (novice MDMo)
  6032 | D:6      | Found a blossoming altar of Fedhas.
  6032 | D:6      | Found an ancient bone altar of Kikubaaqudgha.
  6289 | D:7      | Reached skill level 5 in Short Blades
  6471 | D:7      | Reached XP level 9. HP: 65/65 MP: 7/14
  6473 | D:7      | Reached skill level 7 in Stealth
  7454 | D:8      | Reached skill level 5 in Long Blades
  7668 | D:8      | Found a staircase to the Lair.
  7716 | D:8      | Noticed a two-headed ogre
  7724 | D:8      | Killed a two-headed ogre
  7725 | D:8      | Reached skill level 5 in Fighting
  7725 | D:8      | Reached skill level 5 in Dodging
  7780 | D:8      | Found Joethruac's Distillery.
  7800 | D:8      | Reached skill level 8 in Stealth
  7824 | D:8      | Reached XP level 10. HP: 29/74 MP: 1/16
  7867 | D:8      | Bought 2 potions of degeneration for 28 gold pieces
  7867 | D:8      | Bought a potion of ambrosia for 112 gold pieces
  8225 | D:8      | Found a shadowy altar of Dithmenos.
  8266 | D:8      | Found a snail-covered altar of Cheibriados.
  8268 | D:8      | Found an ornate altar of the Wu Jian Council.
  8314 | D:8      | Became a worshipper of the Wu Jian Council
  8880 | D:9      | Found a hide-covered altar of Uskayaw.
  8882 | D:9      | Noticed a +0 dagger
  8883 | D:9      | Noticed a +0 dagger
  9025 | D:9      | Found Hysuecku's Fire Supplies.
  9249 | D:9      | Reached * piety under Wu Jian
  9463 | D:9      | Found a shimmering blue altar of Sif Muna.
  9761 | D:10     | Entered Level 10 of the Dungeon
  9762 | D:10     | Noticed a red ugly thing
  9772 | D:10     | Killed a red ugly thing
  9878 | D:10     | Found a burning altar of Makhleb.
  9926 | D:10     | Found a broken altar of Ashenzari.
  9983 | D:10     | Found an opulent altar of Gozag.
 10013 | D:10     | Reached skill level 9 in Stealth
 10058 | D:10     | Found a roughly hewn altar of Beogh.
 10542 | D:10     | Reached ** piety under Wu Jian
 10543 | D:10     | Reached skill level 5 in Spellcasting
 10547 | D:10     | Reached XP level 11. HP: 50/82 MP: 2/18
 10832 | D:11     | Found Focoruur's Antique Armour Boutique.
 10954 | D:11     | Found a staircase to the Orcish Mines.
 10955 | D:11     | Noticed a skeletal warrior
 11030 | D:11     | Demolished by a skeletal warrior

Illustrated notes

Levels and vault maps discovered:
D:1:      saegor_arrival_simple_b, layout_rooms, serial_shops,
          nicolae_shop_tiny_statue_garden, dreamdust_ecumenical_altar_statues,
          minmay_parallelograms, chequers_serial_rivers_micro_b, minivault_25
D:2:      layout_loops_cross
D:3:      layout_loops_ring, lemuel_tele_altar, nemelex_spade_bored_becter,
          uniq_robin, uniq_crazy_yiuf_cottage
D:4:      layout_loops_cross, gup_sewer_entry_glass, serial_shops, shop,
          chequers_garden, hex_large
D:5:      layout_rooms, marbit_many_paths, uniq_duvessa, uniq_blork_the_orc
D:6:      layout_rooms, grunt_temple_overflow_growth_and_decay,
          minmay_temple_entry_sparse_star, gammafunk_ghost_stat_death
D:7:      layout_layer_cave
D:8:      layout_basic, mainiacjoe_overflow_24_doors, jmf_multi_god_temple,
          erik_lair_orcish_takeover, serial_shops, shop, lemuel_flame_loot_1
D:9:      layout_loops_cross, old_standard_altar, dancing_weapons_uskayaw,
          grunt_ministairs_6, nicolae_shop_fire_sale [nicolae_sub_dead_trees]
D:10:     layout_roguey, kennysheep_mini_moat, amcnicky_altar_gilded,
          grunt_gozag_statues, special_room [special_room_orc]
D:11:     lemuel_castle_with_subvaults [lemuel_castle_interior_carwin_3],
          layout_stronghold, zombieorc2_lemuel, serial_shops, shop, minmay_holes
Temple:   kb_temple_of_zot

Skill      XL: |  1  2  3  4  5  6  7  8  9 10 11 |
---------------+----------------------------------+-----
Long Blades    | 1 2 3 4 5 6 7 |  7.2
Fighting       | 1 2 3 4 5 6 |  6.6
Short Blades   | 2 3 4 5 |  5.0
Stealth        | 5 6 8 9 |  9.4
Hexes          | 5 6 7 8 |  8.8
Dodging        | 3 4 5 6 |  6.0
Evocations     | 1 2 3 4 |  4.0
Armour         | 1 2 3 4 |  4.0
Spellcasting   | 3 4 5 |  5.2
Shields        | 1 3 4 |  4.0

Action                     |  1- 3 |  4- 6 |  7- 9 | 10-12 || total
---------------------------+-------+-------+-------+-------++-------
  Melee: Dagger            |    82 |   178 |   252 |   390 ||   902
         Bite              |     7 |    15 |    26 |    60 ||   108
         Whip              |       |       |     6 |       ||     6
         Long sword        |       |       |       |     6 ||     6
   Cast: Ensorcelled Hiber |    14 |    37 |    53 |    38 ||   142
         Confusing Touch   |       |     1 |     7 |     8 ||    16
         Tukima's Dance    |       |       |     8 |     7 ||    15
         Dazzling Flash    |       |       |     3 |     5 ||     8
Ability: Lunge             |       |       |       |    19 ||    19
         Whirlwind         |       |       |       |     6 ||     6
  Evoke: Wand              |       |     1 |       |     1 ||     2
    Use: Scroll            |     7 |     2 |    10 |     5 ||    24
         Potion            |       |       |       |     1 ||     1
   Stab: Sleeping          |    19 |    26 |    38 |    32 ||   115
         Distracted        |     1 |     1 |     1 |       ||     3
         Confused          |       |       |     6 |     8 ||    14
         Invisible         |       |       |     3 |     3 ||     6
 Armour: Robe              |    24 |       |       |       ||    24
         Leather armour    |     8 |   135 |    61 |       ||   204
         Skin              |       |       |    43 |     7 ||    50
         Steam dragon scal |       |       |       |    95 ||    95
  Dodge: Dodged            |    37 |   111 |   156 |   121 ||   425
  Block: Other             |       |       |    16 |       ||    16
         Kite shield       |       |       |   121 |   320 ||   441
         Reflection        |       |       |     2 |    12 ||    14

Table legend: (Time is in decaauts)
 A = Elapsed time spent in this place.
 B = Non-inter-level travel time spent in this place.
 C = Inter-level travel time spent in this place.
 D = Time resting spent in this place.
 E = Time spent auto-exploring this place.
 F = Levels seen in this place.
 G = Mean time per level.
                   A        B        C        D        E       F      G
               +--------+--------+--------+--------+--------+-----+--------+
         Total |  11042 |  10422 |    620 |    787 |   6882 |  13 |  849.4 |
       Dungeon |  10417 |   9797 |    620 |    671 |   6560 |  11 |  947.0 |
        Temple |      1 |      1 |      0 |      0 |      0 |   1 |    1.0 |
         Sewer |    624 |    624 |      0 |    116 |    322 |   1 |  624.0 |
               +--------+--------+--------+--------+--------+-----+--------+

Top non-repeatable levels by time:
     D:8: 1287 daAuts
     D:3: 1278 daAuts
     D:9: 1194 daAuts
     D:7: 1092 daAuts
     D:4: 1070 daAuts
    D:10: 932 daAuts
     D:2: 864 daAuts
     D:1: 857 daAuts
     D:5: 851 daAuts
     D:6: 660 daAuts
   Sewer: 624 daAuts
    D:11: 325 daAuts
  Temple: 1 daAuts
